 Dungeon Crawl Stone Soup version 0.32-a0-705-g60f233581c (webtiles) character file.

Game seed: 9175657332859563999

1521 BeKind the Chiller (level 8, -5/42 (46) HPs)
             Began as an Octopode Ice Elementalist on Mar 14, 2024.
             Was an Initiate of Hepliaklqana.
             Slain by a wight
             ... wielding a +2 great sword of freezing
              (6 damage)
             ... on level 6 of the Dungeon.
             The game lasted 00:10:26 (4864 turns).

BeKind the Chiller (Octopode Ice Elementalist)      Turns: 4864, Time: 00:10:27

HP:   -5/42 (46)    AC:  7    Str:  7    XL:     8   Next: 84%
MP:   12/14         EV: 14    Int: 19    God:    Hepliaklqana [......]
Gold: 354           SH:  5    Dex: 13    Spells: 8/15 levels left

rFire   . . .        B - +5 sling "Zafaah" {drain, Will+}
rCold   + . .        (no shield)
rNeg    . . .        w - +2 hat
rPois   .            y - amulet of reflection
rElec   .            b - +4 ring of protection
rCorr   .            o - +4 ring of slaying
SInv    .            q - ring of protection from cold
Will    +....        (no ring)
Stlth   ++++         (no ring)
HPRegen 0.27/turn    (no ring)
MPRegen 0.14/turn    (no ring)
                     (no ring)

%: reflection
@: studying Fire Magic, drained
A: almost no armour, amphibious, 8 rings, camouflage 1, gelatinous body 1,
(nimble swimmer 1), tentacles
a: Renounce Religion


You were on level 6 of the Dungeon.
You worshipped Hepliaklqana.
Hepliaklqana was noncommittal.
You visited 2 branches of the dungeon, and saw 7 of its levels.

You collected 354 gold pieces.

Inventory:

Hand Weapons
 m - a +0 dagger
 s - a +2 short sword of protection
 B - the +5 sling "Zafaah" (weapon) {drain, Will+}
   (You took it off a gnoll on level 5 of the Dungeon)

   Will+:     It increases your willpower.
Armour
 w - a +2 hat (worn)
Jewellery
 b - a +4 ring of protection (left tentacle)
 o - a +4 ring of slaying (right tentacle)
 q - a ring of protection from cold (on tentacle)
 y - an amulet of reflection (around mantle)
 E - a ring of resist corrosion
Wands
 x - a wand of flame (15)
 F - a wand of digging (5)
Scrolls
 d - a scroll of enchant armour
 g - a scroll of brand weapon
 j - a scroll of enchant weapon
 k - 2 scrolls of noise
 l - 2 scrolls of vulnerability
 n - 3 scrolls of teleportation
 t - 3 scrolls of revelation {unknown}
 v - a scroll of fog {unknown}
 D - a scroll of blinking {unknown}
Potions
 a - 2 potions of magic
 c - a potion of degeneration {unknown}
 e - 3 potions of heal wounds {unknown}
 f - a potion of berserk rage {unknown}
 h - a potion of enlightenment {unknown}
 i - 3 potions of curing {unknown}
 p - a potion of brilliance {unknown}
 r - a potion of attraction {unknown}
 u - a potion of might {unknown}
 z - a potion of mutation {unknown}
 A - a potion of lignification {unknown}
 C - a potion of ambrosia {unknown}


   Skills:
 + Level 3.2 Ranged Weapons
 - Level 5.0 Dodging
 - Level 5.2 Stealth
 - Level 4.2 Spellcasting
 * Level 5.6 Summonings
 - Level 6.0 Ice Magic


You had 8 spell levels left.
You knew the following spells:

 Your Spells              Type           Power      Damage    Failure   Level
a - Freeze                Ice            100%       1d10      1%          1
b - Frozen Ramparts       Ice            52%        1d8       3%          3
c - Summon Ice Beast      Ice/Summ       26%        N/A       3%          3

Your spell library contained the following spells:

 Spells                   Type           Power      Damage    Failure   Level
 Ozocubu's Armour         Ice            26%        N/A       3%          3
 Ensorcelled Hibernation  Hex/Ice        30%        N/A       6%          2
 Slow                     Hex            16%        N/A       14%         1
 Sublimation of Blood     Necr           4%         N/A       21%         2
 Confusing Touch          Hex            4%         N/A       38%         3
 Passwall                 Erth           4%         N/A       38%         3
 Swiftness                Air            4%         N/A       38%         3
 Vampiric Draining        Necr           4%         2d6       38%         3
 Petrify                  Alch/Erth      4%         N/A       80%         4
 Irradiate                Conj/Alch      2%         3d12      98%         5
 Malign Gateway           Summ/Tloc      7%         N/A       100%        7
 Summon Horrible Things   Summ           12%        N/A       100%        8


Dungeon Overview and Level Annotations

Branches:
Dungeon (6/15)             Temple (1/1) D:5

Altars:
Ashenzari
Cheibriados
Dithmenos
Elyvilon
Hepliaklqana
Kikubaaqudgha
Nemelex Xobeh
Okawaru
Qazlal
Uskayaw
Vehumet
Xom
Zin
The Shining One

Shops:
D:4 :

Annotations:
D:4 Pargi


Innate Abilities, Weirdness & Mutations

You cannot wear most types of armour.
You are amphibious.
You can wear up to eight rings at the same time.
Your skin changes colour to match your surroundings (Stealth+).
Your rubbery body absorbs attacks. (AC +1, EV +1)
((You are camouflaged when in or above water. (Stealth+)))
You have tentacles for arms and can constrict up to eight enemies at once.


Message History

The sleepcap is severely damaged.
You shoot a sling bullet. The sling bullet hits the sleepcap!
You destroy the sleepcap!
Casting: Frozen Ramparts (dangerous; 3% risk of failure)
Confirm with . or Enter, or press ? or * to list all spells.
A chill wind blows around you. You block the wight's attack.
You shoot a sling bullet. The sling bullet hits the wight.
The wight is lightly damaged.
The wight barely misses you.
You shoot a sling bullet. The sling bullet hits the wight.
The wight is heavily damaged.
You block the wight's attack.
You shoot a sling bullet.
The sling bullet hits the wight but does no damage.
The wight is heavily damaged.
The wight hits you but does no damage.
Your ice beast hits the wight but does no damage.
You shoot a sling bullet.
The sling bullet closely misses the wight.
The wight closely misses you.
Your ice beast hits the wight but does no damage.
The wight hits you with a +2 great sword of freezing!
You feel drained. The wight freezes you.
You shoot a sling bullet. The sling bullet hits the wight.
The wight is severely damaged.
Your ice beast misses the wight.
You block the wight's attack.
Your ice beast closely misses the wight.
You shoot a sling bullet. The sling bullet hits the wight.
The wight is almost destroyed.
The wight hits you with a +2 great sword of freezing!
* * * LOW HITPOINT WARNING * * *
You feel drained.
* * * LOW HITPOINT WARNING * * *
The wight freezes you.
* * * LOW HITPOINT WARNING * * *
Your ice beast barely misses the wight.
The wight attacks as it pursues you!
The wight hits you with a +2 great sword of freezing.
You die...
Hepliaklqana delivers you to your ancestors.

.........##### ##..#.#..
........## ## #....Y.#.
.........#####.#.#...z.##)
....................S.###.
..............#.##.....#..
................###.......
...###.....###...#......##
..# ##..................
.. #..@z...............
........Y..###....#####.
####.............. .
...............
...........#....
..........##....
..##.:...## .... ..
###.... ..


You could see a wight (ally target) and a friendly ice beast (summoned).

Vanquished Creatures
  Menkaure (D:5)
  Edmund (D:4)
  2 water moccasins
  2 scorpions
  2 wights (D:5)
  A howler monkey (D:5)
  2 bombardier beetles
  3 hounds
  A gnoll bouda (D:5)
  An orc priest (D:5)
  A sleepcap (D:6)
  2 orc wizards
  11 gnolls
  12 adders
  A shadow imp (D:5)
  5 ribbon worms
  3 dart slugs
  18 orcs
  3 ball pythons
  3 endoplasms
  A giant cockroach (D:2)
  2 goblins
  3 hobgoblins
  5 jackals
  3 quokkas
  2 bats (D:1)
  A frilled lizard (D:2)
  12 kobolds
  5 rats
109 creatures vanquished.

Vanquished Creatures (collateral kills)
  An ice beast (D:5)
  A black bear (D:6)
  An orc (D:6)
3 creatures vanquished.

Grand Total: 112 creatures vanquished

Notes
Turn   | Place    | Note
-------+----------+-------------------------------------------
     0 | D:1      | BeKind the Octopode Ice Elementalist began the quest for
                  | the Orb.
     0 | D:1      | Reached XP level 1. HP: 11/11 MP: 3/3
   281 | D:1      | Reached XP level 2. HP: 17/17 MP: 3/5
   888 | D:2      | Reached XP level 3. HP: 21/21 MP: 4/6
  1124 | D:2      | Learned a level 3 spell: Frozen Ramparts
  1334 | D:2      | Reached XP level 4. HP: 27/27 MP: 4/7
  1469 | D:3      | Found an ancient bone altar of Kikubaaqudgha.
  1895 | D:3      | Reached XP level 5. HP: 31/31 MP: 5/9
  2279 | D:4      | Noticed Edmund
  2298 | D:4      | Killed Edmund
  2299 | D:4      | Reached skill level 5 in Stealth
  2299 | D:4      | Reached skill level 5 in Ice Magic
  2299 | D:4      | Reached XP level 6. HP: 18/36 MP: 0/11
  2607 | D:4      | Found Julir's Tremendous Tomes.
  2840 | D:4      | Noticed Pargi
  2849 | D:5      | Entered Level 5 of the Dungeon
  2873 | D:5      | Reached XP level 7. HP: 41/41 MP: 12/12
  3048 | D:5      | Found a staircase to the Ecumenical Temple.
  3096 | Temple   | Entered the Ecumenical Temple
  3236 | D:5      | Identified the +5 sling "Zafaah" {drain, Will+}
  3269 | D:5      | Learned a level 3 spell: Summon Ice Beast
  3308 | D:5      | Reached skill level 1 in Summonings
  3393 | D:5      | Reached skill level 5 in Dodging
  3393 | D:5      | Reached skill level 6 in Ice Magic
  3393 | D:5      | Reached XP level 8. HP: 44/46 MP: 10/14
  3448 | D:5      | Noticed Menkaure
  3451 | D:5      | Killed Menkaure
  3452 | D:5      | Reached skill level 1 in Ranged Weapons
  3614 | D:5      | Found a radiant altar of Vehumet.
  3639 | D:5      | Found a hazy altar of Hepliaklqana.
  3644 | D:5      | Became a worshipper of Hepliaklqana the Forgotten
  4151 | D:5      | Reached skill level 5 in Summonings
  4863 | D:6      | HP: 1/42 [wight/+2 great sword of freezing (3)]
  4864 | D:6      | Slain by a wight

Illustrated notes

Levels and vault maps discovered:
D:1:      lightli_iron_boxes, layout_basic
D:2:      layout_basic
D:3:      layout_basic, mainiacjoe_overflow_surrounded_room,
          corexii_hall_statues_t
D:4:      layout_loops_cross, grunt_ministairs_12,
          nicolae_shop_i_like_big_books, uniq_pargi, uniq_edmund
D:5:      layout_basic, jmf_multi_god_temple2, minmay_temple_entry_offerings,
          st_stairs_13, uniq_menkaure
D:6:      layout_cave_pools
Temple:   grunt_temple_mini_profane

Skill      XL: |  1  2  3  4  5  6  7  8 |
---------------+-------------------------+-----
Stealth        | 3 4 5 |  5.2
Dodging        | 3 4 5 |  5.0
Spellcasting   | 3 4 |  4.2
Ice Magic      | 5 6 |  6.0
Summonings     | 2 5 |  5.6
Ranged Weapons | 3 |  3.2

Action                     |  1- 3 |  4- 6 |  7- 9 || total
---------------------------+-------+-------+-------++-------
  Melee: Unarmed           |     8 |       |       ||     8
         Constrict         |    13 |    10 |     6 ||    29
         Dagger            |    32 |     2 |       ||    34
         Tentacles         |     6 |     5 |     3 ||    14
         Short sword       |       |    40 |    20 ||    60
   Fire: Sling             |       |       |    66 ||    66
   Cast: Freeze            |    25 |    16 |       ||    41
         Frozen Ramparts   |       |     7 |    10 ||    17
         Summon Ice Beast  |       |       |     6 ||     6
    Use: Scroll            |       |     6 |       ||     6
   Stab: Sleeping          |     9 |     4 |     2 ||    15
 Armour: Skin              |    23 |    25 |    41 ||    89
  Dodge: Dodged            |    24 |    28 |    32 ||    84
  Block: Other             |       |       |     7 ||     7

Table legend: (Time is in decaauts)
 A = Elapsed time spent in this place.
 B = Non-inter-level travel time spent in this place.
 C = Inter-level travel time spent in this place.
 D = Time resting spent in this place.
 E = Time spent auto-exploring this place.
 F = Levels seen in this place.
 G = Mean time per level.
                   A        B        C        D        E       F      G
               +--------+--------+--------+--------+--------+-----+--------+
         Total |   4879 |   4600 |    279 |    712 |   3118 |   7 |  697.0 |
       Dungeon |   4782 |   4599 |    183 |    712 |   3118 |   6 |  797.0 |
        Temple |     97 |      1 |     96 |      0 |      0 |   1 |   97.0 |
               +--------+--------+--------+--------+--------+-----+--------+

Top non-repeatable levels by time:
     D:5: 1742 daAuts
     D:3: 808 daAuts
     D:1: 790 daAuts
     D:4: 628 daAuts
     D:2: 618 daAuts
     D:6: 194 daAuts
  Temple: 97 daAuts
